 Dungeon Crawl Stone Soup version 0.22.1-1-ga44c0e56f4 (webtiles) character file.

84 Reeggar the Shield-Bearer (level 4, -3/37 HPs)
             Began as a Demigod Fighter on Oct 21, 2018.
             Slain by Sigmund
             ... wielding a +0 scythe
              (18 damage)
             ... on level 2 of the Dungeon.
             The game lasted 00:07:37 (2057 turns).

Reeggar the Shield-Bearer (Demigod Fighter)         Turns: 2057, Time: 00:07:37

Health: -3/37      AC:  6    Str: 21    XL:     4   Next: 3%
Magic:  7/7        EV:  7    Int: 12    God:
Gold:   101        SH:  9    Dex: 15    Spells: 4/4 levels left

rFire    . . .     SeeInvis .   a - +0 war axe
rCold    . . .     Gourm    .   c - +0 shield
rNeg     . . .     Faith    .   b - +0 scale mail
rPois    .         Spirit   .   (no helmet)
rElec    .         Reflect  .   (no cloak)
rCorr    .         Harm     .   (no gloves)
MR       .....                  (no boots)
Stlth    ..........             (no amulet)
HPRegen  0.12/turn              (no ring)
MPRegen  0.10/turn              (no ring)

@: no status effects
A: high mp 1
a: no special abilities


You were on level 2 of the Dungeon.
You were not hungry.

You visited 1 branch of the dungeon, and saw 2 of its levels.

You collected 101 gold pieces.

Inventory:

Hand Weapons
 a - a +0 war axe (weapon)
 k - a +0 long sword
Missiles
 g - 7 javelins (quivered)
Armour
 b - a +0 scale mail (worn)
 c - a +0 shield (worn)
Jewellery
 e - an uncursed ring of protection from fire {unknown}
Scrolls
 j - a scroll of fear {unknown}
 l - a scroll of fog {unknown}
 n - a scroll of enchant armour {unknown}
Potions
 d - a potion of might
 h - a potion of flight {unknown}
 i - a potion of berserk rage {unknown}
 o - 2 potions of invisibility {unknown}
Comestibles
 f - 5 rations
 m - 2 chunks of flesh


   Skills:
 + Level 2.9 Fighting
 + Level 2.4 Axes
 + Level 3.1 Armour
 + Level 0.1 Stealth
 + Level 3.2 Shields
 * Level 1.1 Unarmed Combat
 * Level 0.8 Spellcasting


You had 4 spell levels left.
You didn't know any spells.
Your spell library was empty.

Dungeon Overview and Level Annotations

Branches:
Dungeon (2/15)

Annotations:
D:2 Sigmund


Innate Abilities, Weirdness & Mutations

You have an increased reservoir of magic. (+10% MP)


Message History

The bat hits you but does no damage. The bat closely misses you.
You block the bat's attack.
Sigmund gestures wildly while chanting.
Sigmund flickers and vanishes!
Deactivating autopickup; reactivate with Ctrl-A.
The kobold barely misses you.
You hit the kobold.
You kill the kobold!
You barely miss the bat. The bat barely misses you. The bat closely misses you.
Something hits you!
You slash the bat!
You kill the bat!
A magic dart appears from out of thin air!
The magic dart hits you! Something hits you but does no damage.
You see here a kobold corpse.
You barely miss something.
You hear some strange, mumbled words.
A magic dart appears from out of thin air!
The magic dart hits you! Something hits you!!
You die...

.# #..........+ ..# .#
##.........# #.# .#
........####.# .#
...........#.# +##
.........#.#.# ..#
.........#.#.#### ..#
.........#......# ..#
########{###.##.# ).#
#@###.##.# ..#
#.....##.######### +##
########.......... .# #####
##### ########### .# ##...##
##...## ##...##<..# .#
##.....###.....###.....###.#
.#
#.......#.......#.......##.#
.#
#.......#.......#.......##.#
>#
#.......#.......#.......##.#


There were no monsters in sight!

Vanquished Creatures
  4 adders (D:2)
  A dart slug (D:2)
  A leopard gecko (D:2)
  7 bats
  3 giant cockroaches
  2 goblins
  9 hobgoblins
  4 jackals (D:2)
  5 frilled lizards
  4 kobolds
  2 rats (D:2)
42 creatures vanquished.

Notes
Turn   | Place    | Note
-------+----------+-------------------------------------------
     0 | D:1      | Reeggar the Demigod Fighter began the quest for the Orb.
     0 | D:1      | Reached XP level 1. HP: 18/18 MP: 3/3
   830 | D:1      | Reached XP level 2. HP: 23/25 MP: 4/4
  1244 | D:2      | Reached XP level 3. HP: 25/30 MP: 6/6
  1782 | D:2      | Reached skill level 1 in Unarmed Combat
  1899 | D:2      | Reached XP level 4. HP: 30/37 MP: 7/7
  2040 | D:2      | Noticed Sigmund
  2057 | D:2      | Slain by Sigmund

Skill      XL: |  1  2  3 |
---------------+----------+-----
Axes           | 2 |  2.4
Shields        | 3 |  3.2
Unarmed Combat | 1 |  1.1
Armour         | 3 |  3.1
Fighting       | |  2.9
Stealth        | |  0.1
Spellcasting   | |  0.8

Action                   |  1- 3 |  4- 6 || total
-------------------------+-------+-------++-------
Melee: War axe           |   154 |     9 ||   163
  Use: Scroll            |     1 |       ||     1
  Eat: Chunk             |     3 |     1 ||     4
Armor: Scale mail        |    81 |    13 ||    94
Dodge: Dodged            |    63 |    10 ||    73
Block: Shield            |   124 |    12 ||   136
